 Dungeon Crawl Stone Soup version 0.19-a0-1071-g4ed3155 (webtiles) character file.

313 AlphabetPasta the Magician (level 6, 0/42 HPs)
             Began as a Spriggan Wizard on Aug 4, 2016.
             Succumbed to a scorpion's poison
             ... on level 3 of the Dungeon on Aug 5, 2016.
             The game lasted 00:25:21 (6105 turns).

AlphabetPasta the Magician (Spriggan Wizard)        Turns: 6105, Time: 00:25:21

Health: 0/42       AC: 23    Str:  2 (4)  XL:     6   Next: 19%
Magic:  8/16       EV:  4    Int: 20 (21) God:
Gold:   223        SH:  0    Dex: 16 (19) Spells: 7 memorised, 2 levels left

rFire  . . .     SeeInvis +     i - +0 dagger
rCold  . . .     Gourm    .     (armour currently unavailable)
rNeg   + + +     Faith    .     (shield restricted)
rPois  +         Spirit   .     (helmet currently unavailable)
rElec  .         Dismiss  .     (cloak currently unavailable)
rCorr  .         Reflect  .     (gloves unavailable)
SustAt .         Harm     .     (boots unavailable)
MR     +....     NoTele   +     (no amulet)
Stlth  ++++......               (no ring)
                                (no ring)

@: agile, lethally poisoned (0 -> -1), exhausted, tree-form (expiring), slowed,
repel missiles, very slow
A: unfitting armour, see invisible, herbivore 3, (speed 0), slow metabolism 2
a: no special abilities


You were on level 3 of the Dungeon.
You were not hungry.
You were a tree.
You visited 1 branch of the dungeon, and saw 4 of its levels.
You also visited: Sewer.

You collected 223 gold pieces.

Inventory:

Hand Weapons
 i - a +0 dagger (weapon)
 o - a +2 dagger of holy wrath
Armour
 a - a +0 robe (melded)
 b - a +0 hat (melded)
Jewellery
 g - a cursed -2 ring of intelligence {unknown}
 l - a +5 ring of strength {unknown}
Wands
 s - a wand of iceblast (0/15)
Scrolls
 e - a scroll of immolation {unknown}
 f - a scroll of enchant weapon {unknown}
 h - 2 scrolls of identify {unknown}
 k - a scroll of remove curse {unknown}
 q - a scroll of random uselessness {unknown}
 r - a scroll of fear {unknown}
Potions
 m - 2 potions of degeneration
Books
 c - a book of Minor Magic

   Spells                             Type                      Level
   a - Magic Dart                     Conjuration                  1
   b - Blink                          Translocation                2
   c - Call Imp                       Summoning                    2
   d - Repel Missiles                 Charms/Air                   2
   e - Slow                           Hexes                        2
   f - Conjure Flame                  Conjuration/Fire             3
   g - Mephitic Cloud                 Conjuration/Poison/Air       3
Comestibles
 d - 2 bread rations


   Skills:
 + Level 1.9 Short Blades
 + Level 4.1 Dodging
 - Level 3.4 Stealth
 * Level 6.3 Spellcasting
 + Level 1.9 Conjurations
 - Level 1.0 Hexes
 - Level 1.1 Charms
 - Level 0.7 Summonings
 - Level 2.0 Translocations
 + Level 0.3 Air Magic
 - Level 1.1 Poison Magic


You had 2 spell levels left.
You knew the following spells:

 Your Spells              Type           Power        Failure   Level  Hunger
a - Magic Dart            Conj           ##..         4%          1    None
b - Blink                 Tloc           N/A          10%         2    None
c - Call Imp              Summ           #.......     14%         2    None
d - Repel Missiles        Chrm/Air       #.....       14%         2    None
e - Slow                  Hex            ##......     12%         2    None
f - Conjure Flame         Conj/Fire      ##......     21%         3    ##.....
g - Mephitic Cloud        Conj/Pois/Air  ##......     21%         3    ##.....


Dungeon Overview and Level Annotations

Branches:
Dungeon (4/15)
 Temple: D:4-7

Altars:
Cheibriados
Dithmenos
Hepliaklqana
Pakellas
Vehumet

Annotations:
D:3 bushterla's ghost, weakling DsCK


Innate Abilities, Weirdness & Mutations

You are tiny and cannot use many weapons and most armour.
You have supernaturally acute eyesight. (SInv)
You are a herbivore.
((You cover ground extremely quickly.))
You need consume almost no food.


Message History

Your magical contamination has completely faded away.
Okay, then.
* * * LOW HITPOINT WARNING * * *
You feel sick.
* * * LOW HITPOINT WARNING * * *
You feel sick.
* * * LOW HITPOINT WARNING * * *
You feel sick.
* * * LOW HITPOINT WARNING * * *
You feel sick.
Unknown command.
* * * LOW HITPOINT WARNING * * *
You feel sick.
There is a lethal amount of poison in your body!
* * * LOW HITPOINT WARNING * * *
You feel sick.
Your transformation is almost over.
* * * LOW HITPOINT WARNING * * *
You feel sick.
You die...

......#.#....#.............#
......#.##.....#########...######
......#.##...### ##....#.....
......#.##...#########..)..##....
#.#####.###..##..................
#.#.....#...#####.####.#...#.....
..#.#####.........#..#####.#.....
..#.#.....#########..#.....#.....
#%#.#...##...).†♣....#.######....
....#.####..########.#.########.#
..###.# #..# ######.#.....# #.#
#.###.## #..###.)..o.#####.####..
#.##...###..##.......# #....####
#..#.#...#...####.[..# #.##.#
.........#...# #.)..# #.##.####
.............# #....# #.##....#
...≈≈≈...###.# #....# #.#####.#


There were no monsters in sight!

Vanquished Creatures
  A scorpion (D:3)
  2 orc priests (D:3)
  An orc wizard (D:3)
  A worker ant (D:3)
  3 adders
  An adder zombie (D:1)
  3 worms
  2 dart slugs (D:1)
  2 giant geckos (D:3)
  10 orcs (D:3)
  A bat zombie (D:1)
  5 giant cockroaches
  4 goblins
  14 hobgoblins
  11 jackals
  5 ball pythons
  7 bats
  3 giant newts
  12 kobolds
  8 rats
96 creatures vanquished.

Vanquished Creatures (others)
  A troll (D:2)
  A goblin (D:1)
2 creatures vanquished.

Grand Total: 98 creatures vanquished

Notes
Turn   | Place    | Note
-------+----------+-------------------------------------------
     0 | D:1      | AlphabetPasta the Spriggan Wizard began the quest for the Orb.
     0 | D:1      | Reached XP level 1. HP: 9/9 MP: 6/6
     0 | D:1      | Upgraded the game from 0.19-a0-1067-g0b1d89b to 0.19-a0-1071-g4ed3155
   269 | D:1      | Reached XP level 2. HP: 11/13 MP: 1/8
   277 | D:1      | Learned a level 2 spell: Blink
   280 | D:1      | Learned a level 2 spell: Call Imp
   283 | D:1      | Learned a level 2 spell: Repel Missiles
   286 | D:1      | Learned a level 2 spell: Slow
  1520 | D:2      | Reached XP level 3. HP: 16/16 MP: 7/10
  1765 | D:2      | Reached skill level 1 in Conjurations
  1822 | D:2      | Reached skill level 5 in Spellcasting
  1874 | D:2      | Found an oddly glowing altar of Pakellas.
  1874 | D:2      | Noticed a troll
  1884 | D:2      | Killed a troll
  1885 | D:2      | Noticed an acid blob
  2500 | D:2      | Reached skill level 1 in Short Blades
  2608 | D:1      | Reached skill level 1 in Hexes
  2648 | D:2      | Reached XP level 4. HP: 21/21 MP: 7/12
  3174 | D:2      | Learned a level 3 spell: Conjure Flame
  3369 | D:2      | Reached skill level 1 in Charms
  3516 | D:3      | Found a glowing drain.
  3524 | Sewer    | Entered a sewer
  3791 | Sewer    | Noticed Purgy
  3890 | D:3      | Reached XP level 5. HP: 10/24 MP: 3/14
  3899 | D:3      | Noticed bushterla's ghost (weakling DsCK)
  3993 | D:2      | Learned a level 3 spell: Mephitic Cloud
  4091 | D:3      | Found a shadowy altar of Dithmenos.
  4617 | D:3      | Found a snail-covered altar of Cheibriados.
  5529 | D:3      | Reached skill level 6 in Spellcasting
  5557 | D:3      | Found a radiant altar of Vehumet.
  5557 | D:3      | Found an oddly glowing altar of Pakellas.
  5560 | D:3      | Found a hazy altar of Hepliaklqana.
  5783 | D:3      | Reached skill level 1 in Poison Magic
  6077 | D:3      | Reached XP level 6. HP: 10/28 MP: 3/16
  6094 | D:3      | HP: 2/42 [poisoned by a scorpion]
  6099 | D:3      | HP: 1/42 [poisoned by a scorpion]
  6105 | D:3      | Succumbed to a scorpion's poison

Vault maps used:
D:1:      saegor_arrival_fortress, lemuel_old_faithful
D:2:      first_bread, serial_bayou_pond_d, gammafunk_pakellas_its_alive
D:3:      nicolae_dithmenos_shadow_blocks, lemuel_doored_altar,
          gammafunk_temple_overflow_claw, portal_sewer_entry_a,
          serial_co_window_serial, co_window_paths_b, co_window_corner_a,
          co_window_paths_b, co_window_paths_b, co_window_paths_a,
          co_window_paths_a, co_window_corner_a, co_window_cross_1,
          co_window_paths_b, co_window_unsneaky_path_e,
          co_window_unsneaky_path_a, co_window_corner_b, co_window_corner_b,
          co_window_of_opportunity_b, co_window_4corner_a, glass_columns_b,
          glass_columns_c
D:4:      grunt_ministairs_9
Sewer:    kennysheep_door_sewer

Skill      XL: |  1  2  3  4  5 |
---------------+----------------+-----
Conjurations   | 1 |  1.9
Spellcasting   | 5 6 |  6.3
Short Blades   | 1 |  1.9
Hexes          | 1 |  1.0
Charms         | 1 |  1.1
Translocations | 2 |  2.0
Dodging        | 4 |  4.1
Poison Magic   | 1 |  1.1
Stealth        | |  3.4
Summonings     | |  0.7
Air Magic      | |  0.3

Action                   |  1- 3 |  4- 6 || total
-------------------------+-------+-------++-------
Melee: Unarmed           |     6 |       ||     6
       Dagger            |    27 |    25 ||    52
 Cast: Magic Dart        |   134 |   197 ||   331
       Slow              |     2 |     3 ||     5
       Repel Missiles    |     1 |       ||     1
Evoke: Wand              |       |     2 ||     2
  Use: Potion            |       |     4 ||     4
 Stab: Sleeping          |     5 |     5 ||    10
  Eat: Bread ration      |       |     1 ||     1
Armor: Robe              |     7 |     9 ||    16
Dodge: Dodged            |    67 |   114 ||   181
       Deflected         |     1 |       ||     1
